 Dungeon Sprint DCSS version 0.24.0-13-gcf9b319 (webtiles) character file.

Game seed: 7208886769473502073, levelgen mode: deterministic

107 2bobheroes the Geomancer (level 4, 0/24 HPs)
             Began as a Gargoyle Earth Elementalist on Mar 19, 2020.
             Killed from afar by Sigmund (3 damage)
             ... with a magic dart
             ... in the Dungeon (Sprint I: "Red Sonja").
             The game lasted 00:02:32 (298 turns).

2bobheroes the Geomancer (GrEE)                      Turns: 298, Time: 00:02:32

Health: 0/24       AC:  5    Str: 12    XL:     4   Next: 86%
Magic:  1/9        EV: 12    Int: 16    God:
Gold:   54         SH:  0    Dex: 10    Spells: 6/10 levels left

rFire    . . .     SeeInvis .     - Unarmed
rCold    . . .     Gourm    .   (no shield)
rNeg     + . .     Faith    .   c - +0 robe
rPois    ∞         Spirit   .   (no helmet)
rElec    +         Reflect  .   (no cloak)
rCorr    .         Harm     .   (no gloves)
MR       .....     NoTele   +   (no boots)
Stlth    ++........             (no amulet)
HPRegen  0.08/turn              (no ring)
MPRegen  0.11/turn              (no ring)

@: no status effects
A: negative energy resistance 1, electricity resistance, unbreathing,
petrification resistance, rot immunity, AC +3
a: no special abilities


You were in the Dungeon.
You were not hungry.

You visited 1 branch You collected 54 gold pieces.

Inventory:

Missiles
 b - 26 stones (quivered)
Armour
 c - a +0 robe (worn)
Scrolls
 j - a scroll of blinking
Potions
 e - a potion of curing
 f - a potion of heal wounds
 g - a potion of haste
 h - a potion of magic
Comestibles
 a - 5 chunks of flesh
 d - a ration


   Skills:
 - Level 1.5 Dodging
 - Level 2.1 Stealth
 + Level 1.2 Unarmed Combat
 + Level 3.8 Spellcasting
   Level 0.7 Transmutations
 * Level 10.3 Earth Magic


You had 6 spell levels left.
You knew the following spells:

 Your Spells              Type           Power        Failure   Level  Hunger
a - Sandblast             Erth           #####.       1%          1    None
b - Stone Arrow           Conj/Erth      ###...       6%          3    ###....

Your spell library contained the following spells:

 Spells                   Type           Power        Failure   Level  Hunger
 Passwall                 Tmut/Erth      ###.....     2%          2    ##.....
 Lee's Rapid Deconstruct  Erth           #####.....   7%          5    ######.
 Petrify                  Tmut/Erth      ###.....     17%         4    ####...


Dungeon Overview and Level Annotations

Branches:
Dungeon (1/1)

Altars:

Annotations:
D Sigmund


Innate Abilities, Weirdness & Mutations

You are resistant to torment.
Your stone body is resilient. (AC +3)
You are immune to poison.
You resist negative energy. (rN+)
You are resistant to electric shocks. (rElec)
You can survive without breathing.
You are immune to petrification.
You are immune to rotting.


Message History

You hit Sigmund but do no damage.
Sigmund is almost dead.
Sigmund gestures at you while chanting.
You are confused.
Sigmund screams, "You will never...
NEVER!!!"
Sigmund hits you from afar with a +0 scythe.
You're too confused to move!
Sigmund closely misses you.
You bump into the stone wall.
Sigmund gestures at you while chanting. The puff of flame hits you!
Ouch! That really hurt!
Sigmund barely misses you.
You bump into the stone wall.
You feel less confused.
Sigmund hits you from afar with a +0 scythe!
* * * LOW HITPOINT WARNING * * *
There is an open door here.
Sigmund gestures at you while chanting. The magic dart hits you.
You die...

#############
#<.#.@'..#..+
#..[..#..@..#
#..#####'####
#..# #..#
#..# ####
#.)# #⌠⌠#
####


You could see Sigmund.

Vanquished Creatures
  An ogre (D)
  Ijyb (D)
2 creatures vanquished.

Notes
Turn   | Place    | Note
-------+----------+-------------------------------------------
     0 | D        | 2bobheroes the Gargoyle Earth Elementalist began the quest
                  | for the Orb.
     0 | D        | Reached XP level 1. HP: 10/10 MP: 3/3
     1 | D        | Noticed Ijyb
    20 | D        | Killed Ijyb
    20 | D        | Reached skill level 7 in Earth Magic
    20 | D        | Reached XP level 2. HP: 15/15 MP: 1/5
    20 | D        | Reached XP level 3. HP: 19/19 MP: 1/7
    74 | D        | Learned a level 3 spell: Stone Arrow
    76 | D        | Noticed an ogre
    89 | D        | Killed an ogre
    89 | D        | Reached skill level 1 in Unarmed Combat
    89 | D        | Reached skill level 10 in Earth Magic
    89 | D        | Reached XP level 4. HP: 9/24 MP: 1/9
   282 | D        | Noticed Sigmund
   298 | D        | Killed from afar by Sigmund

Levels and vault maps discovered:
D:        dungeon_sprint_1 [red_sonja_temple_1, red_sonja_temple_small_1]

Skill      XL: |  1  2  3 |
---------------+----------+-----
Earth Magic    | 7 10 | 10.3
Unarmed Combat | 1 |  1.2
Spellcasting   | 3 |  3.8
Dodging        | |  1.5
Stealth        | |  2.1
Transmutations | |  0.7

Action                   |  1- 3 |  4- 6 || total
-------------------------+-------+-------++-------
Melee: Unarmed           |    15 |     3 ||    18
 Cast: Sandblast         |     3 |     1 ||     4
       Stone Arrow       |     3 |     3 ||     6
  Use: Potion            |     2 |       ||     2
Armor: Robe              |     3 |     1 ||     4
Dodge: Dodged            |     9 |     4 ||    13
